 Dungeon Sprint DCSS version 0.32-a0-433-g08bcfe7efd (webtiles) character file.

Game seed: 7536568555865470032

68 adelrune the Chiller (level 4, -2/34 HPs)
             Began as a Draconian Ice Elementalist on Feb 22, 2024.
             Slain by a gnoll
             ... wielding a +0 spear
              (4 damage)
             ... in the Dungeon (Sprint IX: "|||||||||||||||||||||||||||||").
             The game lasted 00:00:40 (97 turns).

adelrune the Chiller (Draconian Ice Elementalist)     Turns: 97, Time: 00:00:40

Health: -2/34      AC:  5    Str: 10    XL:     4   Next: 1%
Magic:  4/8        EV: 12    Int: 17    God:
Gold:   0          SH:  0    Dex: 12    Spells: 7/8 levels left

rFire   . .          .
                       - Unarmed
rCold   . . .        (no shield)
rNeg    . . .        (body armour unavailable)
rPois   .            (helmet restricted)
rElec   .            (no cloak)
rCorr   .            (no gloves)
SInv    .            (no boots)
Will    .....        (no amulet)
Stlth   ++           (no ring)
HPRegen 0.25/turn    (no ring)
MPRegen 0.11/turn

%: no teleportation
@: on berserk cooldown, slowed, very slow
A: AC +5, unfitting armour, cold-blooded
a: no special abilities


You were in the Dungeon.
You visited 1 branch

Inventory:

Scrolls
 f - a scroll of blinking
Potions
 a - 3 potions of magic
 b - a potion of curing
 c - a potion of heal wounds
 d - a potion of haste


   Skills:
 + Level 0.5 Fighting
 + Level 2.7 Dodging
 + Level 2.5 Stealth
 + Level 2.1 Unarmed Combat
 + Level 2.7 Spellcasting
 + Level 7.5 Ice Magic


You had 7 spell levels left.
You knew the following spells:

 Your Spells              Type           Power      Damage    Failure   Level
a - Freeze                Ice            100%       1d10      1%          1

Your spell library contained the following spells:

 Spells                   Type           Power      Damage    Failure   Level
 Frozen Ramparts          Ice            56%        1d9       2%          3
 Ozocubu's Armour         Ice            28%        N/A       2%          3
 Summon Ice Beast         Ice/Summ       15%        N/A       12%         3


Dungeon Overview and Level Annotations

Branches:
Dungeon (1/1)

Altars:


Innate Abilities, Weirdness & Mutations

Your plain brown scales are hard. (AC +5)
You cannot fit into any form of body armour.
You are cold-blooded and may be slowed by cold attacks.


Message History

Your Ice Magic skill increases to level 7!
You miss the adder. The adder bites you.
You barely miss the adder.
Your tail-slap misses the adder.
The adder barely misses you.
You miss the adder. The adder bites you.
You are poisoned.
The adder poisons you!
You closely miss the adder.
You feel sick. The adder barely misses you.
You punch the adder!
The adder is almost dead.
You feel sick.
You punch the adder!
You kill the adder!
You feel sick.
Your Unarmed Combat skill increases to level 2!
You have reached level 4!
You feel agile. The iguana barely misses you.
The gnoll hits you from afar with a +0 spear!
Things that are here:
an adder corpse; an iguana corpse You barely miss the iguana.
You feel sick.
The iguana bites you but does no damage.
The gnoll hits you but does no damage.
You barely miss the iguana. You hit the iguana.
The iguana is moderately wounded.
You are no longer berserk.
You are exhausted.
You feel yourself slow down.
You feel sick.
You are no longer poisoned.
The iguana bites you.
The gnoll hits you from afar with a +0 spear!
* * * LOW HITPOINT WARNING * * *
You hit the iguana.
The iguana is heavily wounded.
The iguana bites you!
* * * LOW HITPOINT WARNING * * *
The gnoll hits you from afar with a +0 spear.
You die... ▓▓▓▓▓▓▓▓▓▓▓▓▓▓▓▓▓▓ +..gl@'...))'...<▓ ▓▓▓▓▓▓▓▓▓▓▓▓▓▓▓▓▓▓

You could see an iguana and a gnoll.

Vanquished Creatures
  2 iguanas (D)
  An adder (D)
  An endoplasm (D)
  A goblin (D)
  A kobold (D)
  A quokka (D)
  A rat (D)
8 creatures vanquished.

Notes
Turn   | Place    | Note
-------+----------+-------------------------------------------
     0 | D        | adelrune the Draconian Ice Elementalist began the quest for
                  | the Orb.
     0 | D        | Reached XP level 1. HP: 14/14 MP: 3/3
    25 | D        | Reached skill level 5 in Ice Magic
    77 | D        | Noticed an iguana
    77 | D        | Noticed an iguana
    77 | D        | Noticed an iguana
    81 | D        | Killed an iguana
    82 | D        | Reached skill level 1 in Unarmed Combat
    82 | D        | Reached skill level 6 in Ice Magic
    82 | D        | Reached XP level 2. HP: 20/20 MP: 3/5
    82 | D        | Reached XP level 3. HP: 26/26 MP: 3/6
    87 | D        | Reached skill level 7 in Ice Magic
    93 | D        | Reached XP level 4. HP: 34/34 MP: 3/8
    97 | D        | Slain by a gnoll

Illustrated notes

Levels and vault maps discovered:
D:        linesprint [early_d, line_temple, items_1, d_10, items_2, lair_1,
          lair_end, items_3, orc_1, orc_end, items_4, d_15, swamp_1, shoals_1,
          snake_1, spider_1, d_20, vaults_1, items_5, swamp_end, shoals_end,
          snake_end, spider_end, vaults_end, d_27, items_6, zot_1, zot_end,
          crypt_end, forest_end, elf_end, slime_end, tomb_end, abyss_end,
          pan_hell_end]

Skill      XL: |  1  2  3 |
---------------+----------+-----
Ice Magic      | 6 7 |  7.5
Dodging        | 2 |  2.7
Stealth        | 2 |  2.5
Unarmed Combat | 1 2 |  2.1
Fighting       | |  0.5
Spellcasting   | |  2.7

Action                     |  1- 3 |  4- 6 || total
---------------------------+-------+-------++-------
  Melee: Unarmed           |    38 |     4 ||    42
         Tailslap          |     4 |       ||     4
    Use: Potion            |     1 |       ||     1
 Armour: Skin              |    14 |     7 ||    21
  Dodge: Dodged            |    18 |     1 ||    19

Table legend: (Time is in decaauts)
 A = Elapsed time spent in this place.
 B = Non-inter-level travel time spent in this place.
 C = Inter-level travel time spent in this place.
 D = Time resting spent in this place.
 E = Time spent auto-exploring this place.
 F = Levels seen in this place.
 G = Mean time per level.
                   A        B        C        D        E       F      G
               +--------+--------+--------+--------+--------+-----+--------+
         Total |     90 |     90 |      0 |     38 |      0 |   1 |   90.0 |
       Dungeon |     90 |     90 |      0 |     38 |      0 |   1 |   90.0 |
               +--------+--------+--------+--------+--------+-----+--------+

Top non-repeatable levels by time:
       D: 90 daAuts
